 Dungeon Crawl Stone Soup version 0.30.1-3-gfc49f6343a (webtiles) character file.

Game seed: 3622067412516122727

923 javelincjr the Trooper (level 7, -6/57 HPs)
             Began as a Demonspawn Fighter on July 21, 2023.
             Was a Believer of Okawaru.
             Mangled by an ogre
             ... wielding a +0 giant club
              (23 damage)
             ... on level 5 of the Dungeon.
             The game lasted 00:18:06 (5169 turns).

javelincjr the Trooper (Demonspawn Fighter)         Turns: 5169, Time: 00:18:07

Health: -6/57      AC: 12    Str: 21    XL:     7   Next: 84%
Magic:  7/7        EV:  9    Int: 10    God:    Okawaru [**....]
Gold:   162        SH:  5    Dex: 14    Spells: 6/6 levels left

rFire   . . .        p - +4 whip
rCold   . . .        c - +0 buckler
rNeg    . . .        q - +0 chain mail
rPois   .            (no helmet)
rElec   .            J - scarf {repulsion}
rCorr   .            y - +0 pair of gloves {Str+3}
SInv    .            G - +0 pair of boots
Will    .....        (no amulet) Stlth
                     o - ring of wizardry
HPRegen 0.29/turn    (no ring)
MPRegen 0.10/turn

%: repel missiles, wizardry (x1)
@: no status effects
A: thin skeletal structure 1, (demonic guardian 1), ignite blood 1, weakness
stinger 1
a: Renounce Religion, Heroism


You were on level 5 of the Dungeon.
You worshipped Okawaru.
Okawaru was pleased with you.
You visited 1 branch of the dungeon, and saw 5 of its levels.

You collected 243 gold pieces.
You spent 81 gold pieces at shops.

Inventory:

Hand Weapons
 a - a +0 war axe
 k - a +2 quarterstaff of chaos
 p - a +4 whip (weapon)
 w - a +0 short sword of draining
Missiles
 B - 4 poisoned darts (quivered)
Armour
 b - a +0 scale mail
 c - a +0 buckler (worn)
 q - a +0 chain mail (worn)
 y - a +0 pair of gloves of strength (worn)
 C - a +0 cloak
 G - a +0 pair of boots (worn)
 J - a scarf of repulsion (worn)
Jewellery
 o - a ring of wizardry (left hand)
 H - a ring of wizardry
Wands
 A - a wand of light (8)
 D - a wand of iceblast (9)
Scrolls
 f - a scroll of magic mapping
 g - a scroll of amnesia {unknown}
 h - 4 scrolls of teleportation {unknown}
 i - a scroll of silence {unknown}
 j - a scroll of enchant armour {unknown}
 l - 2 scrolls of immolation {unknown}
 m - a scroll of vulnerability {unknown}
 t - a scroll of fear {unknown}
 u - 2 scrolls of butterflies {unknown}
 z - a scroll of acquirement {unknown}
 E - a scroll of poison {unknown}
 F - a scroll of noise {unknown}
 K - a scroll of torment {unknown}
Potions
 d - 4 potions of might
 e - 2 potions of curing {unknown}
 n - a potion of mutation {unknown}
 r - 2 potions of haste
 s - a potion of degeneration {unknown}
 v - a potion of flight {unknown}
 x - a potion of magic {unknown}
 I - a potion of lignification {unknown}


   Skills:
 * Level 5.7 Fighting
 + Level 3.4 Axes
 * Level 5.1 Armour
 + Level 2.7 Dodging
 + Level 4.1 Shields


You had 6 spell levels left.
You didn't know any spells.
Your spell library contained the following spells:

 Spells                   Type           Power      Damage    Failure   Level
 Blade Hands              Tmut           0%         N/A       100%        5
 Iron Shot                Conj/Erth      0%         9d1       100%        6
 Animate Armour           Summ/Erth      Unusable   N/A       N/A         4

Dungeon Overview and Level Annotations

Branches:
Dungeon (5/15)             Temple (0/1) D:4

Altars:
Nemelex Xobeh
Okawaru
Sif Muna
Wu Jian

Shops:
D:2 *

Portals:
Abyss: D:5

Annotations:
D:5 2 transporters, SelenaCL's ghost, amateur HOFi


Innate Abilities, Weirdness & Mutations

You have a somewhat thin skeletal structure. (Dex +2, Stealth+)
((A weak demonic guardian rushes to your aid.))
Your demonic aura sometimes causes spilled blood to erupt in flames.
You have a small tail.


Message History

an adder corpse; a scorpion corpse
There is an open door here.
You see here a +0 pair of boots.
l - 2 scrolls labelled MUBBOU QUIGOHA (gained 1)
An orc comes into view.
It is wielding a +0 short sword of electrocution.
The orc shouts!
You hear a shout!
The orc moves out of view.
An ogre comes into view. It is wielding a +0 giant club.
The ogre shouts!
You can't wield that with only one hand.
p - a +4 whip (weapon)
The orc closely misses you.
There is an open door here.
You completely miss the orc. The orc hits you but does no damage.
You barely miss the orc.
Your tail-slap misses the orc.
You block the orc's attack.
You hit the orc.
You kill the orc!
Okawaru accepts your kill.
You barely miss the ogre. You tail-slap the ogre.
The ogre is moderately wounded.
The ogre hits you with a +0 giant club!
You closely miss the ogre. You tail-slap the ogre!
The ogre is heavily wounded.
The ogre hits you with a +0 giant club!!
You hit the ogre.
The ogre is severely wounded.
You hit the ogre.
Your tail-slap misses the ogre.
The ogre is severely wounded.
The ogre hits you with a +0 giant club!
* * * LOW HITPOINT WARNING * * *
You barely miss the ogre.
The ogre is severely wounded.
The ogre barely misses you.
You hit the ogre.
The ogre is almost dead.
You hit the ogre.
The ogre is almost dead.
The ogre hits you with a +0 giant club!!
You die...

####### ......# ##+##
.####.# . # ##...## .#
... #. ##.....## ## .##
# ....#.###.......##
##.# ..###.#.
.......#.........####...
........
......O@.........'†.....
......#.
#...##)#.........####...
..##..# . #.##.......##
#..# ......# #.
##...[.## #.## ####.##
#. ##...## #.# ####.# ..
##+## #.# .....# ## #.#
#.# ###### #.# #.# ##.##
#.#


You could see an ogre.

Vanquished Creatures
  Sigmund (D:4)
  An ice beast (D:5)
  An ogre (D:4)
  A phantom (D:5)
  2 scorpions (D:5)
  A howler monkey (D:4)
  A hound (D:5)
  Crazy Yiuf (D:4)
  3 iguanas
  2 sleepcaps
  An orc wizard (D:4)
  4 adders
  2 dart slugs
  7 orcs
  15 endoplasms
  7 giant cockroaches
  7 goblins
  7 hobgoblins
  7 jackals
  A quokka (D:2)
  7 ball pythons
  6 bats
  2 frilled lizards
  10 kobolds
  5 rats
102 creatures vanquished.

Notes
Turn   | Place    | Note
-------+----------+-------------------------------------------
     0 | D:1      | javelincjr the Demonspawn Fighter began the quest for the
                  | Orb.
     0 | D:1      | Reached XP level 1. HP: 18/18 MP: 1/1
     6 | D:1      | Noticed a water moccasin
     6 | D:1      | Noticed a rime drake
     7 | D:1      | Noticed a snapping turtle
     7 | D:1      | Noticed a hog
    49 | D:1      | Found a faded altar of an unknown god.
    54 | D:1      | Prayed at the altar of an unknown god.
    54 | D:1      | Became a worshipper of Warmaster Okawaru
    54 | D:1      | Reached * piety under Okawaru
   314 | D:1      | Gained mutation: A weak demonic guardian rushes to your
                  | aid. [demonic ancestry]
   314 | D:1      | Reached XP level 2. HP: 24/24 MP: 2/2
  1036 | D:2      | Gained mutation: You have a small tail. [demonic ancestry]
  1036 | D:2      | Reached XP level 3. HP: 26/29 MP: 3/3
  1108 | D:2      | Found Uvviufo's Assorted Antiques.
  1111 | D:2      | Bought a scroll labelled NOEZIU NIUHEG for 21 gold pieces
  1111 | D:2      | Bought a scroll labelled MUBBOU QUIGOHA for 21 gold pieces
  1547 | D:2      | You fall into a shaft and drop 2 floors!
  1668 | D:2      | Reached XP level 4. HP: 37/37 MP: 4/4
  1960 | D:2      | Bought a fizzy yellow potion for 18 gold pieces
  1960 | D:2      | Bought a scroll labelled VUIWKE DYAC QIO for 21 gold pieces
  2168 | D:3      | Found a shimmering blue altar of Sif Muna.
  2208 | D:3      | Reached skill level 1 in Dodging
  2704 | D:3      | Found a sparkling altar of Nemelex Xobeh.
  2869 | D:4      | Found a staircase to the Ecumenical Temple.
  2879 | D:4      | Noticed Sigmund
  2954 | D:4      | Killed Sigmund
  2955 | D:4      | Reached XP level 5. HP: 38/43 MP: 2/5
  3049 | D:4      | Gained mutation: Your demonic aura sometimes causes spilled
                  | blood to erupt in flames. [demonic ancestry]
  3049 | D:4      | Reached XP level 6. HP: 49/49 MP: 6/6
  3674 | D:4      | Found a runed translucent door.
  3675 | D:4      | Noticed Crazy Yiuf
  3808 | D:4      | Reached skill level 5 in Fighting
  4006 | D:4      | Paralysed by Crazy Yiuf for 4 turns
  4020 | D:4      | Killed Crazy Yiuf
  4021 | D:4      | Gained mutation: You have a somewhat thin skeletal
                  | structure. (Dex +2, Stealth+) [demonic ancestry]
  4021 | D:4      | Reached XP level 7. HP: 19/56 MP: 4/7
  4233 | D:5      | Entered Level 5 of the Dungeon
  4389 | D:5      | Found an ornate altar of the Wu Jian Council.
  4516 | D:5      | Found a one-way gate to the infinite horrors of the Abyss.
  4516 | D:5      | Noticed SelenaCL's ghost (amateur HOFi)
  4522 | D:5      | Found a transporter.
  4556 | D:5      | Found a transporter.
  4835 | D:5      | Reached ** piety under Okawaru
  5018 | D:5      | Reached skill level 5 in Armour
  5169 | D:5      | Mangled by an ogre

Illustrated notes

Levels and vault maps discovered:
D:1:      onia_arrival_zoo_common, layout_loops_corners,
          ebering_ecumenical_altar_abandoned
D:2:      layout_loops_ring, serial_shops, nicolae_shop_window_shopping,
          dk_vineyard_2
D:3:      layout_loops_ring, lemuel_coloured_pillars_altar, lemuel_tele_altar,
          nicolae_sif_muna_little_library, hangedman_decor_points,
          dk_noncrumbling_3, minmay_misc_feat_five, nicolae_figureground_pulse
D:4:      layout_basic, minmay_temple_entry_stoned_glass, uniq_sigmund,
          uniq_crazy_yiuf_cottage
D:5:      layout_loops_corners, mainiacjoe_overflow_chevrons,
          gammafunk_ghost_abyssal_escape

Skill      XL: |  1  2  3  4  5  6  7 |
---------------+----------------------+-----
Armour         | 3 4 5 |  5.1
Axes           | 2 3 |  3.4
Shields        | 3 4 |  4.1
Dodging        | 1 2 |  2.7
Fighting       | 4 5 |  5.7

Action                     |  1- 3 |  4- 6 |  7- 9 || total
---------------------------+-------+-------+-------++-------
  Melee: War axe           |   114 |    18 |       ||   132
         Whip              |    18 |    80 |    10 ||   108
         Tailslap          |     4 |    13 |    25 ||    42
         Short sword       |       |    33 |   108 ||   141
  Throw: Dart              |       |     4 |       ||     4
 Invoke: Heroism           |       |     2 |       ||     2
    Use: Scroll            |     2 |       |       ||     2
         Potion            |       |     4 |       ||     4
 Armour: Scale mail        |    44 |    41 |       ||    85
         Chain mail        |       |    14 |    47 ||    61
  Dodge: Dodged            |    54 |    45 |    38 ||   137
  Block: Buckler           |    35 |    18 |    22 ||    75
